 Dungeon Crawl Stone Soup version 0.28.0 (webtiles) character file.

Game seed: 2474273594369196499

39 horus123 the Firebug (level 3, -2/29 HPs)
             Began as a Human Cinder Acolyte on Feb 6, 2022.
             Was a High Priest of Ignis.
             Slain by a goblin (3 damage)
             ... led by Robin
             ... on level 2 of the Dungeon.
             The game lasted 00:02:11 (2148 turns).

horus123 the Firebug (Human Cinder Acolyte)         Turns: 2148, Time: 00:02:11

Health: -2/29      AC:  3    Str: 14    XL:     3   Next: 70%
Magic:  3/7        EV: 11    Int: 16    God:    Ignis [*****.]
Gold:   80         SH:  0    Dex:  8    Spells: 6/8 levels left

rFire   + . .      SeeInvis .   a - -1 mace (flame)
rCold   . . .      Faith    .   (no shield)
rNeg    + . .      Spirit   .   b - +1 robe
rPois   .          Reflect  .   (no helmet)
rElec   .          Harm     .   (no cloak)
rCorr   .          Rampage  .   (no gloves)
Will    .....                   (no boots)
Stlth   +.........              (no amulet)
HPRegen 0.09/turn               d - ring of positive energy
MPRegen 0.10/turn               (no ring)

@: no status effects
A: no striking features
a: Renounce Religion, Fiery Armour, Foxfire Swarm, Rising Flame


You were on level 2 of the Dungeon.
You worshipped Ignis.
Ignis was extremely pleased with you.
You visited 1 branch of the dungeon, and saw 2 of its levels.

You collected 80 gold pieces.

Inventory:

Hand Weapons
 a - a -1 mace of flaming (weapon)
Armour
 b - a +1 robe (worn)
Jewellery
 d - a ring of positive energy (left hand)
Wands
 c - a wand of iceblast (8)
Potions
 e - 2 potions of attraction {unknown}
 f - a potion of cancellation {unknown}
 g - 2 potions of heal wounds {unknown}
 h - a potion of ambrosia {unknown}


   Skills:
 - Level 3.0 Fighting
 - Level 3.0 Maces & Flails
 + Level 3.0 Spellcasting
 - Level 3.0 Fire Magic


You had 6 spell levels left.
You knew the following spells:

 Your Spells              Type           Power      Damage    Failure   Level
a - Scorch                Fire           24%        2d6       9%          2

Your spell library contained the following spells:

 Spells                   Type           Power      Damage    Failure   Level


Dungeon Overview and Level Annotations

Branches:
Dungeon (2/15)

Altars:

Annotations:
D:2 Jessica, Robin


Message History

You hit the goblin. You burn the goblin.
You kill the goblin!
The goblin closely misses you.
Robin roars a battlecry!
The goblin goes into a battle-frenzy!
Things that are here:
a +0 dagger; a goblin corpse You closely miss the goblin.
The goblin no longer looks unusually strong.
The goblin hits you but does no damage. The goblin hits you with a +0 dagger.
You barely miss the goblin. The goblin closely misses you.
You thump the goblin! You burn the goblin.
You kill the goblin!
Robin throws the goblin at you! The goblin barely misses you.
A goblin comes into view. It is wielding a +0 dagger.
A hobgoblin comes into view.
Robin hits you with a +0 short sword.
Items here: )) ††.
You closely miss Robin. The goblin hits you but does no damage.
Robin roars a battlecry!
The goblin goes into a battle-frenzy!
A hobgoblin comes into view.
The hobgoblin shouts!
You hit Robin but do no damage. The goblin hits you but does no damage.
Robin hits you with a +0 short sword. The goblin barely misses you.
You barely miss Robin. Robin barely misses you.
The goblin completely misses you. Robin closely misses you.
You closely miss Robin.
The hobgoblin no longer looks unusually strong.
The goblin hits you with a +0 dagger.
* * * LOW HITPOINT WARNING * * *
Robin roars a battlecry!
The hobgoblin goes into a battle-frenzy!
Jessica shouts, "I don't like beings like you!"
You completely miss the goblin. The goblin hits you with a +0 dagger.
* * * LOW HITPOINT WARNING * * *
Robin hits you with a +0 short sword.
* * * LOW HITPOINT WARNING * * *
The goblin hits you with a +0 dagger.
You die...

#####.#.#.###...# #<#)#.# #.###
#####.#.#.###.#
#.............###################
#.##.#†................(........#
.................##...#########.#
#)##.#..###.####.##...# #.#
#.##.#..# #.# #g##...####### #.#
#.##.#..# #.# #@##.........# #.#
#.##.#..# #.# #g##.#.#####.# #.#
#....#..# #.# ##@##.#.# #.# #.#
...###..# #.# #ggg#.#.# #.# #.#
#..# .## #.....#.#####.# #.# #..#
.# #....g#.......###.# #..###.##
####..............# .........
#.#.#.########## #..#.....
#†#.#.#


You could see Robin, Jessica, 2 hobgoblins and 2 goblins.

Vanquished Creatures
  A dart slug (D:2)
  An endoplasm (D:2)
  4 hobgoblins
  A quokka (D:1)
  3 ball pythons
  6 bats
  A frilled lizard (D:1)
  6 goblins
  6 kobolds
  8 rats
37 creatures vanquished.

Notes
Turn   | Place    | Note
-------+----------+-------------------------------------------
     0 | D:1      | horus123 the Human Cinder Acolyte began the quest for the
                  | Orb.
     0 | D:1      | Reached XP level 1. HP: 18/18 MP: 2/2
   349 | D:1      | Reached XP level 2. HP: 3/24 MP: 4/4
   610 | D:1      | Learned a level 2 spell: Scorch
  1531 | D:2      | Reached XP level 3. HP: 29/29 MP: 1/6
  2124 | D:2      | Noticed Robin
  2131 | D:2      | Noticed Jessica
  2148 | D:2      | HP: 1/29 [Robin (4)]
  2148 | D:2      | Slain by a goblin

Illustrated notes

Levels and vault maps discovered:
D:1:      heliophobic_arrival_battle_scene, layout_basic,
          shapermc_ecumenical_altar_petra, minmay_hexomino_f4
D:2:      layout_loops_ring, minmay_misc_feat_chi, uniq_jessica, uniq_robin

Skill      XL: |  1  2  3 |
---------------+----------+-----
Spellcasting   | 2 3 |  3.0
Fighting       | |  3.0
Maces & Flails | |  3.0
Fire Magic     | |  3.0

Action                   || total
-------------------------++-------
Melee: Mace              ||    75
       Punch             ||     1
 Cast: Scorch            ||    19
  Use: Scroll            ||     1
Armor: Robe              ||    29
Dodge: Dodged            ||    66
